[ AOE2 MATCH · #463695626 ]
Team RMGoths vs Chinese
[ REPLAY ANALYSIS · EXTRACTED FROM THE RECORDED GAME ]
Feudal
15:42
Castle
32:12
Imperial
—
| APM avg | 9.5 |
| APM peak | 56 |
| eAPM avg | 7.6 |
| Villagers / military | 48 / 5 |
Focus
⚔️ 8.3% · 🌾 91.7%
Huskarl ×5
Feudal
13:20
Castle
27:05
Imperial
33:21
| APM avg | 10.6 |
| APM peak | 26 |
| eAPM avg | 8.5 |
| Villagers / military | 92 / 68 |
Focus
⚔️ 28.1% · 🌾 71.9%
Skirmisher ×21 · Rattan Archer ×21 · Fire Lancer ×19 · Trade Cart ×14 · Battering Ram ×4 · Spearman ×3
Feudal
—
Castle
—
Imperial
—
| APM avg | 6.8 |
| APM peak | 41 |
| eAPM avg | 2.4 |
| Villagers / military | 39 / 0 |
Focus
⚔️ 0.0% · 🌾 100.0%
Feudal
17:11
Castle
21:47
Imperial
27:36
| APM avg | 10.7 |
| APM peak | 30 |
| eAPM avg | 7.3 |
| Villagers / military | 65 / 19 |
Focus
⚔️ 14.6% · 🌾 85.4%
Knight ×16 · Trade Cart ×4 · Trebuchet (Packed) ×2 · Monk ×1
Feudal
12:02
Castle
18:28
Imperial
29:04
| APM avg | 16.0 |
| APM peak | 52 |
| eAPM avg | 12.7 |
| Villagers / military | 73 / 70 |
Focus
⚔️ 38.2% · 🌾 61.8%
Skirmisher ×23 · Composite Bowman ×20 · Spearman ×18 · Trebuchet (Packed) ×7 · Warrior Priest ×2
Feudal
11:55
Castle
20:09
Imperial
27:07
| APM avg | 23.6 |
| APM peak | 76 |
| eAPM avg | 15.0 |
| Villagers / military | 88 / 83 |
Focus
⚔️ 19.5% · 🌾 80.5%
Chu Ko Nu ×81 · Trebuchet (Packed) ×2
Match map
Resources at game start + every placement click. Thick line = wall · dashed box = detected house wall. 🟡 gold · ⚪ stone · 🟢 berries · 🔶 boar · ⭕ relic
Inputs per minute
— DoN_888 - - SoulCrush
Build order — DoN_888
First 150 of 152 actions detected
| 0:07 | Research | Loom |
| 0:08 | Create | Villager (Male) |
| 0:08 | Create | Villager (Male) |
| 0:09 | Create | Villager (Male) |
| 0:11 | Build | House |
| 0:13 | Build | House |
| 0:14 | Build | House |
| 1:51 | Create | Villager (Male) |
| 1:51 | Create | Villager (Male) |
| 2:25 | Create | Villager (Male) |
| 6:34 | Create | Villager (Male) |
| 6:34 | Create | Villager (Male) |
| 6:34 | Create | Villager (Male) |
| 6:35 | Create | Villager (Male) |
| 6:35 | Create | Villager (Male) |
| 6:35 | Create | Villager (Male) |
| 6:36 | Create | Villager (Male) |
| 6:36 | Create | Villager (Male) |
| 6:37 | Create | Villager (Male) |
| 8:05 | Build | Mill |
| 8:54 | Create | Villager (Male) |
| 11:18 | Create | Villager (Male) |
| 11:56 | Build | Lumber Camp |
| 12:08 | Build | Mining Camp |
| 12:12 | Create | Villager (Male) |
| 12:30 | Build | Lumber Camp |
| 12:58 | Build | House |
| 13:00 | Build | House |
| 13:01 | Build | House |
| 13:03 | Build | House |
| 13:03 | Build | House |
| 13:28 | Build | Mining Camp |
| 13:32 | Research | Feudal Age |
| 15:42 | Age | Feudal Age |
| 16:21 | Build | Blacksmith |
| 16:26 | Build | Market |
| 16:30 | Build | Mining Camp |
| 16:38 | Research | Gold Mining |
| 16:45 | Research | Stone Mining |
| 16:48 | Create | Villager (Male) |
| 16:49 | Create | Villager (Male) |
| 16:49 | Create | Villager (Male) |
| 16:49 | Create | Villager (Male) |
| 16:50 | Create | Villager (Male) |
| 18:25 | Build | Farm |
| 18:31 | Build | Farm |
| 18:35 | Create | Villager (Male) |
| 18:58 | Build | Farm |
| 18:59 | Build | Farm |
| 19:04 | Build | Farm |
| 19:40 | Create | Villager (Male) |
| 19:50 | Create | Villager (Male) |
| 20:12 | Build | Farm |
| 20:15 | Build | Farm |
| 20:24 | Create | Villager (Male) |
| 20:52 | Research | Scale Mail Armor |
| 21:07 | Build | Farm |
| 21:30 | Research | Town Watch |
| 21:39 | Create | Villager (Male) |
| 21:55 | Create | Villager (Male) |
| 22:48 | Create | Villager (Male) |
| 22:48 | Create | Villager (Male) |
| 22:51 | Create | Villager (Male) |
| 22:51 | Create | Villager (Male) |
| 22:51 | Create | Villager (Male) |
| 23:22 | Build | Barracks |
| 23:24 | Build | Barracks |
| 23:27 | Build | Barracks |
| 23:40 | Research | Double-Bit Axe |
| 24:21 | Research | Horse Collar |
| 24:24 | Create | Villager (Male) |
| 24:27 | Create | Villager (Male) |
| 24:45 | Research | Man-at-Arms (upgrade) |
| 25:28 | Research | Forging |
| 25:33 | Create | Villager (Male) |
| 25:33 | Create | Villager (Male) |
| 25:39 | Create | Villager (Male) |
| 25:52 | Build | House |
| 25:53 | Build | House |
| 25:55 | Build | House |
| 25:57 | Build | House |
| 25:58 | Build | House |
| 25:59 | Build | House |
| 26:00 | Build | House |
| 26:01 | Build | House |
| 26:04 | Build | House |
| 26:06 | Build | House |
| 26:08 | Build | House |
| 26:10 | Build | House |
| 26:11 | Build | House |
| 26:12 | Build | House |
| 26:13 | Build | House |
| 26:16 | Build | House |
| 26:18 | Build | House |
| 26:41 | Build | Farm |
| 26:42 | Build | Farm |
| 26:43 | Build | Farm |
| 26:43 | Build | Farm |
| 26:43 | Build | Farm |
| 26:43 | Build | Farm |
| 26:44 | Build | Farm |
| 26:44 | Build | Farm |
| 26:44 | Build | Farm |
| 26:44 | Build | Farm |
| 26:45 | Build | Farm |
| 27:01 | Build | Farm |
| 27:19 | Research | Wheelbarrow |
| 28:12 | Build | House |
| 28:15 | Build | House |
| 28:16 | Build | House |
| 28:17 | Build | House |
| 28:19 | Build | House |
| 28:22 | Build | House |
| 28:22 | Build | House |
| 28:25 | Build | House |
| 28:27 | Build | House |
| 28:28 | Build | House |
| 28:31 | Build | House |
| 28:33 | Build | House |
| 29:32 | Research | Castle Age |
| 29:32 | Research | Castle Age |
| 32:12 | Age | Castle Age |
| 32:31 | Build | Castle |
| 32:35 | Build | Town Center |
| 32:42 | Build | Town Center |
| 32:47 | Research | Long Swordsman (upgrade) |
| 32:50 | Research | Pikeman (upgrade) |
| 32:53 | Research | Squires |
| 32:56 | Research | Heavy Plow |
| 33:01 | Research | Stone Shaft Mining |
| 33:03 | Research | Bow Saw |
| 33:09 | Research | Hand Cart |
| 33:11 | Create | Villager (Male) |
| 33:12 | Create | Villager (Male) |
| 33:22 | Create | Villager (Male) |
| 34:37 | Build | Farm |
| 34:40 | Build | Farm |
| 34:44 | Build | Farm |
| 34:46 | Build | Farm |
| 35:01 | Research | Anarchy |
| 35:42 | Research | Town Patrol |
| 35:49 | Create | Villager (Male) |
| 35:49 | Create | Villager (Male) |
| 35:50 | Create | Villager (Male) |
| 36:11 | Create | Huskarl |
| 36:12 | Create | Huskarl |
| 36:12 | Create | Huskarl |
| 36:12 | Create | Huskarl |
| 36:13 | Create | Huskarl |
| 36:23 | Create | Villager (Male) |
Build order — SoulCrush
First 150 of 163 actions detected
| 0:08 | Create | Villager (Male) ×4 |
| 0:08 | Create | Villager (Male) ×4 |
| 0:14 | Build | House |
| 0:14 | Build | House |
| 0:51 | Build | House |
| 0:53 | Build | House |
| 0:55 | Build | House |
| 0:57 | Build | House |
| 2:23 | Create | Villager (Male) ×2 |
| 2:48 | Create | Villager (Male) |
| 3:20 | Create | Villager (Male) |
| 3:20 | Create | Villager (Male) |
| 3:55 | Create | Villager (Male) ×2 |
| 4:16 | Create | Villager (Male) |
| 5:21 | Build | Mining Camp |
| 5:28 | Create | Villager (Male) |
| 5:28 | Create | Villager (Male) |
| 6:33 | Build | Mining Camp |
| 6:38 | Create | Villager (Male) |
| 6:38 | Create | Villager (Male) |
| 6:42 | Create | Villager (Male) ×2 |
| 6:43 | Create | Villager (Male) ×2 |
| 8:03 | Build | Mill |
| 8:19 | Create | Villager (Male) ×5 |
| 10:21 | Build | Lumber Camp |
| 11:10 | Research | Feudal Age |
| 11:11 | Research | Loom |
| 12:45 | Build | Barracks |
| 13:20 | Age | Feudal Age |
| 13:50 | Create | Villager (Male) |
| 13:51 | Create | Villager (Male) |
| 13:51 | Create | Villager (Male) |
| 13:51 | Create | Villager (Male) |
| 13:51 | Create | Villager (Male) |
| 14:02 | Research | Double-Bit Axe |
| 14:04 | Research | Horse Collar |
| 14:08 | Research | Gold Mining |
| 14:11 | Research | Stone Mining |
| 14:13 | Create | Villager (Male) ×2 |
| 14:13 | Create | Villager (Male) ×2 |
| 14:37 | Build | Archery Range |
| 15:32 | Build | Archery Range |
| 15:36 | Build | Archery Range |
| 15:54 | Build | Farm |
| 15:55 | Build | Farm |
| 15:55 | Build | Farm |
| 15:55 | Build | Farm |
| 15:56 | Build | Farm |
| 15:56 | Build | Farm |
| 15:56 | Build | Farm |
| 15:56 | Build | Farm |
| 15:57 | Build | Farm |
| 16:15 | Build | House |
| 16:17 | Build | House |
| 16:18 | Build | House |
| 16:19 | Build | House |
| 16:31 | Build | Farm |
| 16:43 | Build | Farm |
| 16:52 | Build | Farm |
| 17:02 | Build | Farm |
| 17:16 | Build | Farm |
| 17:24 | Create | Skirmisher ×2 |
| 17:25 | Create | Skirmisher ×2 |
| 17:43 | Build | Mining Camp |
| 17:52 | Create | Villager (Male) |
| 17:53 | Create | Villager (Male) |
| 17:56 | Create | Villager (Male) ×3 |
| 17:56 | Create | Villager (Male) ×3 |
| 18:24 | Create | Skirmisher ×2 |
| 18:25 | Create | Skirmisher ×2 |
| 19:03 | Create | Skirmisher ×4 |
| 19:03 | Create | Skirmisher ×4 |
| 19:30 | Build | Farm |
| 19:30 | Build | Farm |
| 19:30 | Build | Farm |
| 19:31 | Build | Farm |
| 19:31 | Build | Farm |
| 19:31 | Build | Farm |
| 19:31 | Build | Farm |
| 19:31 | Build | Farm |
| 19:32 | Build | Farm |
| 19:55 | Create | Villager (Male) |
| 19:55 | Create | Villager (Male) |
| 19:55 | Create | Villager (Male) |
| 20:38 | Build | Market |
| 20:41 | Build | Blacksmith |
| 21:45 | Create | Villager (Male) |
| 21:45 | Create | Villager (Male) |
| 21:49 | Create | Villager (Male) |
| 21:49 | Create | Villager (Male) |
| 22:10 | Build | Farm |
| 22:11 | Build | Farm |
| 22:11 | Build | Farm |
| 22:11 | Build | Farm |
| 22:11 | Build | Farm |
| 22:12 | Build | Farm |
| 22:12 | Build | Farm |
| 23:17 | Build | Stable |
| 23:31 | Build | House |
| 23:31 | Build | House |
| 23:31 | Build | House |
| 23:32 | Build | House |
| 23:32 | Build | House |
| 23:32 | Build | House |
| 23:34 | Build | House |
| 23:34 | Build | House |
| 23:37 | Build | House |
| 24:10 | Create | Spearman |
| 24:10 | Create | Spearman |
| 24:11 | Create | Spearman |
| 24:25 | Research | Castle Age |
| 25:24 | Research | Forging |
| 25:55 | Create | Trade Cart ×5 |
| 25:55 | Create | Trade Cart ×5 |
| 25:55 | Create | Trade Cart ×2 |
| 25:56 | Create | Trade Cart ×2 |
| 27:05 | Age | Castle Age |
| 27:54 | Build | Castle |
| 28:40 | Build | Siege Workshop |
| 28:54 | Create | Rattan Archer |
| 28:54 | Create | Rattan Archer ×5 |
| 28:54 | Create | Rattan Archer ×5 |
| 28:54 | Create | Rattan Archer ×4 |
| 29:09 | Build | Farm |
| 29:10 | Build | Farm |
| 29:10 | Build | Farm |
| 29:10 | Build | Farm |
| 29:10 | Build | Farm |
| 29:11 | Build | Farm |
| 29:11 | Build | Farm |
| 29:46 | Create | Rattan Archer ×2 |
| 29:46 | Create | Rattan Archer ×2 |
| 29:46 | Create | Rattan Archer ×2 |
| 30:11 | Research | Imperial Age |
| 30:12 | Create | Villager (Male) ×5 |
| 30:13 | Create | Villager (Male) ×5 |
| 30:13 | Create | Villager (Male) ×5 |
| 31:29 | Create | Battering Ram |
| 31:29 | Create | Battering Ram |
| 31:35 | Create | Fire Lancer |
| 31:35 | Create | Fire Lancer |
| 31:36 | Create | Fire Lancer |
| 33:21 | Age | Imperial Age |
| 33:30 | Create | Battering Ram |
| 33:52 | Create | Battering Ram |
| 33:58 | Research | Elite Skirmisher (upgrade) |
| 33:59 | Create | Skirmisher ×5 |
| 34:10 | Create | Villager (Male) ×5 |
| 34:10 | Create | Villager (Male) ×5 |
| 35:02 | Build | Castle |
Build order — FlossingTuba435
64 actions detected in the replay
| 0:13 | Build | House |
| 0:22 | Create | Villager (Male) |
| 0:22 | Create | Villager (Male) |
| 0:22 | Create | Villager (Male) |
| 0:22 | Create | Villager (Male) |
| 0:23 | Create | Villager (Male) |
| 0:37 | Build | House |
| 1:35 | Create | Villager (Male) |
| 1:35 | Create | Villager (Male) |
| 1:35 | Create | Villager (Male) |
| 1:46 | Build | House |
| 1:48 | Build | House |
| 2:36 | Build | Mill |
| 2:44 | Create | Villager (Male) |
| 2:44 | Create | Villager (Male) |
| 2:44 | Create | Villager (Male) |
| 2:44 | Create | Villager (Male) |
| 3:19 | Create | Villager (Male) |
| 3:19 | Create | Villager (Male) |
| 3:19 | Create | Villager (Male) |
| 3:19 | Create | Villager (Male) |
| 3:47 | Create | Villager (Male) |
| 3:47 | Create | Villager (Male) |
| 3:48 | Create | Villager (Male) |
| 4:32 | Create | Villager (Male) |
| 4:32 | Create | Villager (Male) |
| 4:32 | Create | Villager (Male) |
| 5:15 | Create | Villager (Male) |
| 5:15 | Create | Villager (Male) |
| 5:16 | Create | Villager (Male) |
| 5:16 | Create | Villager (Male) |
| 6:21 | Create | Villager (Male) |
| 6:21 | Create | Villager (Male) |
| 8:05 | Create | Villager (Male) |
| 8:05 | Create | Villager (Male) |
| 8:13 | Build | House |
| 8:15 | Build | House |
| 8:20 | Build | House |
| 8:21 | Build | House |
| 8:22 | Build | House |
| 8:24 | Build | House |
| 8:42 | Build | Farm |
| 8:53 | Create | Villager (Male) |
| 9:03 | Build | Farm |
| 9:41 | Build | Lumber Camp |
| 10:15 | Create | Villager (Male) |
| 10:46 | Build | Farm |
| 10:53 | Build | Farm |
| 10:57 | Research | Feudal Age |
| 11:33 | Create | Villager (Male) |
| 12:18 | Create | Villager (Male) |
| 12:19 | Create | Villager (Male) |
| 12:48 | Build | Farm |
| 13:26 | Build | Farm |
| 13:34 | Build | Farm |
| 13:40 | Build | Farm |
| 13:45 | Research | Double-Bit Axe |
| 13:47 | Research | Horse Collar |
| 14:03 | Build | Mining Camp |
| 14:23 | Build | Mining Camp |
| 14:52 | Create | Villager (Male) |
| 14:52 | Create | Villager (Male) |
| 14:52 | Create | Villager (Male) |
| 14:53 | Create | Villager (Male) |
Build order — NullPointerException
First 150 of 166 actions detected
| 0:10 | Create | Villager (Male) |
| 0:10 | Create | Villager (Male) |
| 0:11 | Create | Villager (Male) |
| 0:11 | Create | Villager (Male) |
| 0:11 | Create | Villager (Male) |
| 0:14 | Build | House |
| 0:15 | Build | House |
| 0:16 | Build | House |
| 1:54 | Build | Mill |
| 1:56 | Create | Villager (Male) |
| 2:53 | Create | Villager (Male) |
| 3:17 | Create | Villager (Male) |
| 3:42 | Create | Villager (Male) |
| 3:51 | Create | Villager (Male) |
| 4:20 | Create | Villager (Male) |
| 4:53 | Create | Villager (Male) |
| 5:22 | Build | House |
| 5:24 | Create | Villager (Male) |
| 5:26 | Create | Villager (Male) |
| 5:59 | Create | Villager (Male) |
| 6:08 | Create | Villager (Male) |
| 6:55 | Create | Villager (Male) |
| 6:59 | Create | Villager (Male) |
| 7:09 | Build | House |
| 7:10 | Build | House |
| 7:15 | Create | Villager (Male) |
| 7:41 | Create | Villager (Male) |
| 8:04 | Create | Villager (Male) |
| 8:29 | Create | Villager (Male) |
| 8:59 | Create | Villager (Male) |
| 9:19 | Create | Villager (Male) |
| 9:33 | Create | Villager (Male) |
| 9:40 | Create | Villager (Male) |
| 9:40 | Create | Villager (Male) |
| 10:18 | Build | Lumber Camp |
| 11:03 | Create | Villager (Male) |
| 11:39 | Build | Mining Camp |
| 11:46 | Create | Villager (Male) |
| 12:14 | Build | Farm |
| 12:14 | Build | Farm |
| 12:15 | Build | Farm |
| 12:15 | Build | Farm |
| 12:15 | Build | Farm |
| 12:16 | Build | Farm |
| 12:16 | Build | Farm |
| 12:16 | Build | Farm |
| 12:17 | Build | Farm |
| 12:17 | Build | Farm |
| 12:17 | Build | Farm |
| 12:26 | Create | Villager (Male) |
| 12:38 | Build | House |
| 12:39 | Build | House |
| 12:48 | Build | Farm |
| 12:48 | Build | Farm |
| 12:50 | Build | Farm |
| 12:55 | Create | Villager (Male) |
| 12:57 | Create | Villager (Male) |
| 13:16 | Create | Villager (Male) |
| 14:05 | Create | Villager (Male) |
| 14:33 | Create | Villager (Male) |
| 14:43 | Research | Feudal Age |
| 15:02 | Build | Mining Camp |
| 16:07 | Build | Mill |
| 16:58 | Build | Farm |
| 16:58 | Build | Farm |
| 16:59 | Build | Farm |
| 16:59 | Build | Farm |
| 16:59 | Build | Farm |
| 17:00 | Build | Farm |
| 17:00 | Build | Farm |
| 17:00 | Build | Farm |
| 17:11 | Age | Feudal Age |
| 17:17 | Create | Villager (Male) |
| 17:18 | Create | Villager (Male) |
| 17:42 | Build | Market |
| 17:52 | Build | Blacksmith |
| 18:08 | Create | Villager (Male) |
| 18:08 | Create | Villager (Male) |
| 18:11 | Create | Villager (Male) |
| 19:07 | Research | Castle Age |
| 19:28 | Build | Farm |
| 20:18 | Research | Double-Bit Axe |
| 20:40 | Build | Farm |
| 20:40 | Build | Farm |
| 20:41 | Build | Farm |
| 20:41 | Build | Farm |
| 20:41 | Build | Farm |
| 21:47 | Age | Castle Age |
| 22:15 | Create | Villager (Male) |
| 22:15 | Create | Villager (Male) |
| 22:19 | Research | Bow Saw |
| 22:23 | Create | Trade Cart |
| 22:32 | Create | Trade Cart |
| 22:56 | Create | Villager (Male) |
| 23:02 | Research | Gold Mining |
| 23:12 | Build | Monastery |
| 23:17 | Build | University |
| 23:26 | Build | House |
| 23:27 | Build | House |
| 23:28 | Build | House |
| 23:59 | Build | Castle |
| 24:22 | Create | Villager (Male) |
| 24:26 | Research | Imperial Age |
| 24:30 | Build | Farm |
| 24:45 | Create | Trade Cart |
| 24:52 | Research | Scale Barding Armor |
| 24:53 | Research | Forging |
| 26:01 | Build | Town Center |
| 26:02 | Build | Town Center |
| 26:24 | Build | Farm |
| 26:29 | Research | Gold Shaft Mining |
| 26:38 | Build | Mining Camp |
| 26:47 | Build | Barracks |
| 26:57 | Research | Wheelbarrow |
| 27:02 | Research | Chain Barding Armor |
| 27:03 | Research | Iron Casting |
| 27:23 | Research | Stone Mining |
| 27:36 | Age | Imperial Age |
| 27:45 | Create | Villager (Male) ×5 |
| 28:08 | Create | Monk |
| 28:18 | Research | Fortified Wall (upgrade) |
| 29:39 | Create | Villager (Male) ×5 |
| 29:51 | Create | Trade Cart |
| 29:55 | Research | Plate Barding Armor |
| 30:14 | Create | Villager (Male) |
| 30:37 | Build | Stable |
| 30:47 | Build | Stable |
| 31:20 | Research | Cavalier (upgrade) |
| 31:25 | Build | Stable |
| 31:33 | Research | Husbandry |
| 31:36 | Create | Knight |
| 31:37 | Create | Knight |
| 31:46 | Create | Trebuchet (Packed) |
| 31:59 | Create | Villager (Male) ×4 |
| 32:17 | Create | Knight |
| 32:17 | Create | Knight |
| 32:24 | Create | Knight |
| 32:37 | Build | Stable |
| 32:38 | Build | Stable |
| 33:18 | Create | Knight |
| 34:24 | Create | Knight ×5 |
| 34:31 | Build | House |
| 34:31 | Build | House |
| 34:31 | Build | House |
| 34:32 | Build | House |
| 34:32 | Build | House |
| 34:33 | Build | House |
| 34:33 | Build | House |
| 34:34 | Build | House |
| 34:34 | Build | House |
Build order — Artsakh Army
First 150 of 216 actions detected
| 0:02 | Create | Villager (Male) |
| 0:03 | Research | Loom |
| 0:04 | Create | Villager (Male) |
| 0:04 | Create | Villager (Male) |
| 0:19 | Build | House |
| 0:21 | Build | House |
| 1:06 | Create | Villager (Male) |
| 1:07 | Create | Villager (Male) |
| 1:50 | Create | Villager (Male) |
| 1:51 | Create | Villager (Male) |
| 2:38 | Create | Villager (Male) |
| 2:38 | Create | Villager (Male) |
| 2:38 | Create | Villager (Male) |
| 2:39 | Create | Villager (Male) |
| 3:10 | Create | Villager (Male) |
| 3:11 | Create | Villager (Male) |
| 3:11 | Create | Villager (Male) |
| 3:11 | Create | Villager (Male) |
| 3:11 | Create | Villager (Male) |
| 4:10 | Create | Villager (Male) |
| 4:10 | Create | Villager (Male) |
| 4:35 | Create | Villager (Male) |
| 4:35 | Create | Villager (Male) |
| 4:35 | Create | Villager (Male) |
| 4:35 | Create | Villager (Male) |
| 4:36 | Create | Villager (Male) |
| 4:36 | Create | Villager (Male) |
| 4:52 | Build | House |
| 4:55 | Build | House |
| 5:08 | Create | Villager (Male) |
| 5:54 | Create | Villager (Male) |
| 5:54 | Create | Villager (Male) |
| 5:54 | Create | Villager (Male) |
| 6:23 | Build | Mill |
| 6:26 | Create | Villager (Male) |
| 6:27 | Create | Villager (Male) |
| 6:27 | Create | Villager (Male) |
| 6:28 | Create | Villager (Male) |
| 6:29 | Create | Villager (Male) |
| 6:29 | Create | Villager (Male) |
| 6:48 | Build | Mule Cart |
| 7:00 | Create | Villager (Male) |
| 7:00 | Create | Villager (Male) |
| 7:08 | Build | Farm |
| 7:53 | Build | Farm |
| 7:57 | Build | Farm |
| 8:11 | Build | Farm |
| 8:25 | Build | Farm |
| 8:49 | Build | Mule Cart |
| 9:40 | Build | House |
| 9:52 | Research | Feudal Age |
| 10:01 | Build | Barracks |
| 10:35 | Build | Mule Cart |
| 10:42 | Build | Farm |
| 10:46 | Build | Farm |
| 10:52 | Build | Farm |
| 11:30 | Build | Farm |
| 12:02 | Age | Feudal Age |
| 12:07 | Build | Archery Range |
| 12:11 | Create | Villager (Male) |
| 12:15 | Research | Horse Collar |
| 12:18 | Create | Villager (Male) |
| 12:19 | Create | Villager (Male) |
| 13:02 | Build | Blacksmith |
| 13:20 | Build | House |
| 13:42 | Create | Villager (Male) |
| 13:44 | Create | Villager (Male) |
| 13:45 | Create | Villager (Male) |
| 14:27 | Build | House |
| 15:48 | Research | Castle Age |
| 16:12 | Create | Skirmisher |
| 16:13 | Create | Skirmisher |
| 16:15 | Create | Skirmisher |
| 16:16 | Create | Skirmisher |
| 16:18 | Create | Skirmisher |
| 16:19 | Create | Skirmisher |
| 16:21 | Create | Skirmisher |
| 16:25 | Create | Skirmisher |
| 16:26 | Create | Skirmisher |
| 16:39 | Research | Double-Bit Axe |
| 16:50 | Research | Gold Mining |
| 17:00 | Research | Gold Mining |
| 17:08 | Research | Padded Archer Armor |
| 17:36 | Create | Skirmisher |
| 17:43 | Research | Fletching |
| 18:16 | Create | Villager (Male) |
| 18:17 | Create | Villager (Male) |
| 18:24 | Create | Skirmisher |
| 18:28 | Age | Castle Age |
| 18:38 | Research | Heavy Plow |
| 18:44 | Create | Skirmisher |
| 18:51 | Build | Castle |
| 19:07 | Create | Skirmisher |
| 19:11 | Create | Villager (Male) |
| 19:13 | Create | Villager (Male) |
| 19:32 | Create | Villager (Male) |
| 19:36 | Build | Town Center |
| 19:53 | Build | House |
| 19:55 | Build | House |
| 20:45 | Research | Arson |
| 21:00 | Build | Monastery |
| 21:10 | Create | Skirmisher |
| 21:11 | Create | Skirmisher |
| 21:11 | Create | Skirmisher |
| 21:12 | Create | Skirmisher |
| 21:15 | Build | Farm |
| 21:16 | Build | Farm |
| 21:17 | Build | Farm |
| 21:18 | Build | Farm |
| 21:56 | Create | Warrior Priest |
| 21:59 | Create | Composite Bowman |
| 22:00 | Create | Composite Bowman |
| 22:00 | Create | Composite Bowman |
| 22:14 | Create | Villager (Male) |
| 22:15 | Create | Villager (Male) |
| 22:15 | Create | Villager (Male) |
| 22:15 | Create | Villager (Male) |
| 22:16 | Create | Villager (Male) |
| 22:20 | Build | Farm |
| 22:20 | Build | Farm |
| 22:21 | Build | Farm |
| 22:21 | Build | Farm |
| 22:22 | Build | Farm |
| 22:29 | Create | Villager (Male) |
| 22:32 | Create | Villager (Male) |
| 22:33 | Create | Villager (Male) |
| 22:33 | Create | Villager (Male) |
| 23:04 | Create | Composite Bowman |
| 23:04 | Create | Composite Bowman |
| 23:09 | Create | Composite Bowman |
| 23:12 | Create | Villager (Male) |
| 24:03 | Create | Skirmisher |
| 25:21 | Create | Warrior Priest |
| 25:54 | Research | Imperial Age |
| 26:21 | Build | Town Center |
| 26:25 | Create | Villager (Male) |
| 26:26 | Create | Villager (Male) |
| 26:54 | Research | Leather Archer Armor |
| 27:30 | Build | Barracks |
| 27:34 | Build | Barracks |
| 27:40 | Create | Composite Bowman |
| 27:41 | Create | Composite Bowman |
| 27:41 | Create | Composite Bowman |
| 27:42 | Create | Composite Bowman |
| 27:42 | Create | Composite Bowman |
| 27:42 | Create | Composite Bowman |
| 27:43 | Create | Composite Bowman |
| 27:43 | Create | Composite Bowman |
| 27:43 | Create | Composite Bowman |
| 27:44 | Create | Composite Bowman |
Build order — TIAO MARMITA
First 150 of 235 actions detected
| 0:07 | Build | House |
| 0:08 | Build | House |
| 1:36 | Create | Villager (Male) |
| 1:36 | Create | Villager (Male) |
| 1:36 | Create | Villager (Male) |
| 2:03 | Create | Villager (Male) |
| 2:04 | Create | Villager (Male) |
| 2:34 | Create | Villager (Male) |
| 2:35 | Create | Villager (Male) |
| 3:00 | Create | Villager (Male) |
| 3:00 | Create | Villager (Male) |
| 3:00 | Create | Villager (Male) |
| 3:38 | Create | Villager (Male) |
| 3:39 | Create | Villager (Male) |
| 3:39 | Create | Villager (Male) |
| 3:39 | Create | Villager (Male) |
| 4:11 | Create | Villager (Male) |
| 4:11 | Create | Villager (Male) |
| 4:12 | Create | Villager (Male) |
| 4:27 | Create | Villager (Male) |
| 4:27 | Create | Villager (Male) |
| 4:47 | Create | Villager (Male) |
| 4:47 | Create | Villager (Male) |
| 4:48 | Create | Villager (Male) |
| 6:13 | Create | Villager (Male) |
| 6:13 | Create | Villager (Male) |
| 6:13 | Create | Villager (Male) |
| 6:13 | Create | Villager (Male) |
| 6:43 | Build | Mill |
| 7:06 | Create | Villager (Male) |
| 7:06 | Create | Villager (Male) |
| 7:07 | Create | Villager (Male) |
| 7:07 | Create | Villager (Male) |
| 8:07 | Build | Lumber Camp |
| 8:17 | Build | House |
| 9:14 | Build | House |
| 9:45 | Research | Feudal Age |
| 9:46 | Research | Feudal Age |
| 10:01 | Build | House |
| 10:02 | Build | House |
| 10:04 | Build | House |
| 10:07 | Build | House |
| 11:01 | Build | Mining Camp |
| 11:55 | Age | Feudal Age |
| 12:05 | Build | Mining Camp |
| 12:15 | Build | House |
| 12:19 | Build | House |
| 12:21 | Build | House |
| 12:22 | Build | House |
| 12:37 | Create | Villager (Male) |
| 12:38 | Create | Villager (Male) |
| 12:59 | Build | Farm |
| 12:59 | Build | Farm |
| 13:00 | Build | Farm |
| 13:00 | Build | Farm |
| 13:28 | Create | Villager (Male) |
| 13:54 | Build | Farm |
| 13:59 | Build | Farm |
| 14:22 | Create | Villager (Male) |
| 14:22 | Create | Villager (Male) |
| 14:22 | Create | Villager (Male) |
| 14:58 | Build | Blacksmith |
| 15:32 | Create | Villager (Male) |
| 15:32 | Create | Villager (Male) |
| 16:04 | Build | Market |
| 16:34 | Build | Farm |
| 16:39 | Create | Villager (Male) |
| 16:40 | Create | Villager (Male) |
| 17:10 | Build | Farm |
| 17:27 | Research | Castle Age |
| 17:36 | Build | Farm |
| 17:52 | Build | Farm |
| 18:15 | Build | Farm |
| 18:22 | Build | Farm |
| 18:32 | Build | Farm |
| 18:41 | Build | Farm |
| 18:48 | Build | Farm |
| 20:09 | Age | Castle Age |
| 20:21 | Build | Castle |
| 20:29 | Create | Villager (Male) |
| 20:29 | Create | Villager (Male) |
| 20:29 | Create | Villager (Male) |
| 20:29 | Create | Villager (Male) |
| 20:29 | Create | Villager (Male) |
| 20:30 | Create | Villager (Male) |
| 20:40 | Build | Farm |
| 21:06 | Build | Farm |
| 21:24 | Build | Farm |
| 21:30 | Research | Double-Bit Axe |
| 21:38 | Build | Town Center |
| 22:26 | Build | University |
| 23:03 | Research | Stone Mining |
| 23:08 | Create | Villager (Male) |
| 23:08 | Create | Villager (Male) |
| 23:08 | Create | Villager (Male) |
| 23:09 | Create | Villager (Male) |
| 23:57 | Research | Imperial Age |
| 24:44 | Research | Gold Mining |
| 24:44 | Research | Gold Mining |
| 24:56 | Research | Fletching |
| 24:57 | Research | Padded Archer Armor |
| 25:05 | Create | Villager (Male) |
| 25:05 | Create | Villager (Male) |
| 25:06 | Create | Villager (Male) |
| 25:06 | Create | Villager (Male) |
| 25:06 | Create | Villager (Male) |
| 25:06 | Create | Villager (Male) |
| 26:25 | Create | Chu Ko Nu |
| 26:26 | Create | Chu Ko Nu |
| 26:26 | Create | Chu Ko Nu |
| 26:26 | Create | Chu Ko Nu |
| 26:27 | Create | Chu Ko Nu |
| 26:27 | Create | Chu Ko Nu |
| 26:27 | Create | Chu Ko Nu |
| 26:27 | Create | Chu Ko Nu |
| 26:27 | Create | Chu Ko Nu |
| 26:28 | Create | Chu Ko Nu |
| 26:28 | Create | Chu Ko Nu |
| 26:28 | Create | Chu Ko Nu |
| 26:28 | Create | Chu Ko Nu |
| 27:03 | Build | Town Center |
| 27:07 | Age | Imperial Age |
| 27:22 | Create | Chu Ko Nu |
| 27:23 | Create | Chu Ko Nu |
| 27:23 | Create | Chu Ko Nu |
| 27:23 | Create | Chu Ko Nu |
| 27:23 | Create | Chu Ko Nu |
| 27:23 | Create | Chu Ko Nu |
| 27:24 | Create | Chu Ko Nu |
| 27:37 | Create | Villager (Male) |
| 27:37 | Create | Villager (Male) |
| 27:37 | Create | Villager (Male) |
| 27:38 | Create | Villager (Male) |
| 27:38 | Create | Villager (Male) |
| 27:38 | Create | Villager (Male) |
| 27:38 | Create | Villager (Male) |
| 27:54 | Research | Bow Saw |
| 28:24 | Research | Chemistry |
| 29:14 | Create | Villager (Male) |
| 29:14 | Create | Villager (Male) |
| 29:15 | Create | Villager (Male) |
| 29:15 | Create | Villager (Male) |
| 29:15 | Create | Villager (Male) |
| 29:41 | Research | Leather Archer Armor |
| 29:42 | Research | Bodkin Arrow |
| 29:47 | Create | Chu Ko Nu |
| 29:47 | Create | Chu Ko Nu |
| 29:47 | Create | Chu Ko Nu |
| 29:47 | Create | Chu Ko Nu |
| 29:48 | Create | Chu Ko Nu |
Match timeline
| 10:01 | Artsakh Army · first_building Barracks |
| 11:55 | TIAO MARMITA · age_up feudal |
| 12:02 | Artsakh Army · age_up feudal |
| 12:07 | Artsakh Army · first_building Archery Range |
| 12:45 | SoulCrush · first_building Barracks |
| 13:20 | SoulCrush · age_up feudal |
| 14:37 | SoulCrush · first_building Archery Range |
| 15:09 | FlossingTuba435 · resign |
| 15:42 | DoN_888 · age_up feudal |
| 17:11 | NullPointerException · age_up feudal |
| 18:28 | Artsakh Army · age_up castle |
| 18:51 | Artsakh Army · first_building Castle |
| 20:09 | TIAO MARMITA · age_up castle |
| 20:21 | TIAO MARMITA · first_building Castle |
| 21:00 | Artsakh Army · first_building Monastery |
| 21:47 | NullPointerException · age_up castle |
| 23:12 | NullPointerException · first_building Monastery |
| 23:17 | SoulCrush · first_building Stable |
| 23:22 | DoN_888 · first_building Barracks |
| 23:59 | NullPointerException · first_building Castle |
| 26:47 | NullPointerException · first_building Barracks |
| 27:05 | SoulCrush · age_up castle |
| 27:07 | TIAO MARMITA · age_up imperial |
| 27:36 | NullPointerException · age_up imperial |
| 27:54 | SoulCrush · first_building Castle |
| 28:40 | SoulCrush · first_building Siege Workshop |
| 29:04 | Artsakh Army · age_up imperial |
| 30:37 | NullPointerException · first_building Stable |
| 32:12 | DoN_888 · age_up castle |
| 32:31 | DoN_888 · first_building Castle |
| 33:21 | SoulCrush · age_up imperial |
| 35:02 | Artsakh Army · first_building Siege Workshop |
[ AI ANALYSIS · 1 CREDIT ]
What really happened in this match?
Wolo.gg analyzes every decision: build order, eco, micro, common mistakes by bracket. Personalized analysis on WhatsApp or Discord in 30 seconds.
Civ guide
Goths
Map guide
Arena
Perfil
DoN_888